 Dungeon Crawl Stone Soup version 0.19-a0-1907-gcff654f (webtiles) character file.

1451 Ijustatesigmund the Conjurer (level 8, -4/68 HPs)
             Began as a Naga Wizard on Oct 21, 2016.
             Was a Follower of Cheibriados.
             Slain by a wraith (10 damage)
             ... on level 7 of the Dungeon.
             The game lasted 00:29:41 (6993 turns).

Ijustatesigmund the Conjurer (Naga Wizard)          Turns: 6993, Time: 00:29:41

Health: -4/68      AC:  6    Str: 10 (12) XL:     8   Next: 75%
Magic:  2/12       EV: 10    Int: 19 (22) God:    Cheibriados [*.....]
Gold:   254        SH:  0    Dex: 11 (14) Spells: 5 memorised, 2 levels left

rFire  . . .     SeeInvis +     n - +6 rapier of Bazut {flame, Int+2}
rCold  + . .     Gourm    .     a - +0 robe
rNeg   . . .     Faith    .     (no shield)
rPois  +         Spirit   .     b - +0 hat
rElec  .         Reflect  .     (no cloak)
rCorr  .         Harm     .     e - +2 pair of gloves
MR     +....                    (no barding)
Stlth  +++.......               (no amulet)
                                v - ring of stealth
                                t - ring of protection from cold

@: very slightly contaminated, slowed, repel missiles, very slow
A: see invisible, deformed body, mutation resistance 1, poison resistance,
slowness 2, slow metabolism 1, spit poison 1, AC +2
a: Spit Poison, Bend Time, Renounce Religion


You were on level 7 of the Dungeon.
You worshipped Cheibriados.
Cheibriados was aware of your devotion.
You were not hungry.

You visited 2 branches of the dungeon, and saw 8 of its levels.

You collected 254 gold pieces.

Inventory:

Hand Weapons
 k - a +4 falchion
 n - the +6 rapier of Bazut (weapon) {flame, Int+2}
   (You found it on level 6 of the Dungeon)

   It has been specially enchanted to burn those struck by it, causing extra
   injury to most foes and up to half again as much damage against particularly
   susceptible opponents.
   It affects your intelligence (+2).
Missiles
 p - 7 tomahawks (quivered)
Armour
 a - a +0 robe (worn)
 b - a +0 hat (worn)
 e - a +2 pair of gloves (worn)
 w - a +0 buckler
Jewellery
 t - a ring of protection from cold (left hand)
 v - a ring of stealth (right hand)
Wands
 h - a wand of acid (6/15)
Scrolls
 f - a scroll of fog
 i - a scroll of enchant weapon
 u - 3 scrolls of remove curse
 y - a scroll of identify
 A - a scroll of teleportation
Potions
 l - a potion of flight
 q - a potion of mutation
 r - a potion of lignification
 x - a potion of degeneration
Books
 c - a book of Minor Magic

   Spells                             Type                      Level
   a - Magic Dart                     Conjuration                  1
   b - Blink                          Translocation                2
   c - Call Imp                       Summoning                    2
   d - Repel Missiles                 Charms/Air                   2
   e - Slow                           Hexes                        2
   f - Conjure Flame                  Conjuration/Fire             3
   g - Mephitic Cloud                 Conjuration/Poison/Air       3
Comestibles
 d - 6 bread rations
 g - 2 slices of pizza
 j - 2 fruits
 o - 2 meat rations


   Skills:
 - Level 2.4 Fighting
 + Level 4.1(5.0) Short Blades
 - Level 4.4(5.2) Long Blades
 - Level 2.2 Dodging
 - Level 3.0 Stealth
 - Level 3.0 Spellcasting
 - Level 4.7 Conjurations
   Level 1.0 Summonings
 - Level 2.1 Translocations
 - Level 4.0 Air Magic
 - Level 4.4 Poison Magic


You had 2 spell levels left.
You knew the following spells:

 Your Spells              Type           Power        Failure   Level  Hunger
a - Magic Dart            Conj           ###.         2%          1    None
b - Blink                 Tloc           N/A          12%         2    ##.....
c - Repel Missiles        Chrm/Air       ##....       12%         2    ##.....
d - Mephitic Cloud        Conj/Pois/Air  ###.....     10%         3    ###....
e - Conjure Flame         Conj/Fire      ##......     17%         3    ###....


Dungeon Overview and Level Annotations

Branches:
Dungeon (7/15)             Temple (1/1) D:6

Altars:
Ashenzari
Cheibriados
Elyvilon
Fedhas
Gozag
Hepliaklqana
Makhleb
Nemelex Xobeh
Okawaru
Qazlal
Ru
Sif Muna
Trog
Uskayaw
Vehumet
Xom
Yredelemnul
Zin
The Shining One

Shops:
D:6 (

Annotations:
D:4 Menkaure


Innate Abilities, Weirdness & Mutations

You cannot wear boots.
Your serpentine skin is tough. (AC +2)
You have supernaturally acute eyesight. (SInv)
Armour fits poorly on your strangely shaped body.
Your system is resistant to poisons. (rPois)
You cover ground very slowly.
You have a slow metabolism.
You can spit poison.
You are somewhat resistant to further mutation.


Message History

The wraith hits you!
Casting: Magic Dart
Confirm with . or Enter, or press ? or * to list all spells.
Aiming: Magic Dart
Press: ? - help, Shift-Dir - straight line, f/p - wraith
Aim: a wraith (moderately damaged)
The magic dart hits the wraith.
The wraith is moderately damaged.
The wraith hits you!
* * * LOW HITPOINT WARNING * * *
The wraith drains your vigour!
You feel as though you will be slow longer.
The wraith hits you!
* * * LOW HITPOINT WARNING * * *
Okay, then.
It was a potion of degeneration.
There was something very wrong with that liquid.
You feel weakened.
You feel dopey.
You feel clumsy. The wraith hits you!
You die...

#...###
...........
##....##
.....:... ##.?..#
........ ###..#
...... #<.# #....
#..# ...# #..#
#..# #..# #W#
#..# ##@# #..##
#.>#
.###...#####..##
................#
.......######...#
###....# ##......
##...# #..####
###.. #.## ##.
#.#


You could see a wraith.

Vanquished Creatures
  Prince Ribbit (D:6)
  A water moccasin (D:7)
  A phantom (D:6)
  A sky beast (D:6)
  An ice beast (D:5)
  An ogre (D:5)
  A bullfrog (D:7)
  A scorpion (D:4)
  A crimson imp (D:6)
  4 orc priests
  5 orc wizards
  2 centaur zombies (D:6)
  A hound (D:6)
  4 worker ants
  Robin (D:2)
  A gnoll (D:1)
  6 adders
  2 oozes
  2 adder skeletons (D:4)
  2 dart slugs
  2 leopard geckos (D:4)
  27 orcs
  7 bats
  8 giant cockroaches
  18 goblins
  9 hobgoblins
  8 jackals
  A quokka (D:5)
  4 frilled lizards
  7 kobolds
  A quokka skeleton (D:5)
  6 rats
137 creatures vanquished.

Notes
Turn   | Place    | Note
-------+----------+-------------------------------------------
     0 | D:1      | Ijustatesigmund the Naga Wizard began the quest for the Orb.
     0 | D:1      | Reached XP level 1. HP: 15/15 MP: 4/4
    66 | D:1      | Reached skill level 1 in Fighting
    99 | D:2      | Reached XP level 2. HP: 6/25 MP: 1/6
   329 | D:2      | Learned a level 2 spell: Blink
   340 | D:2      | Learned a level 2 spell: Repel Missiles
   728 | D:1      | Reached XP level 3. HP: 31/31 MP: 3/7
  1272 | D:2      | Noticed Robin
  1624 | D:2      | Reached XP level 4. HP: 26/38 MP: 2/8
  1633 | D:2      | Learned a level 3 spell: Mephitic Cloud
  1770 | D:2      | Killed Robin
  1932 | D:2      | Reached skill level 1 in Air Magic
  1932 | D:2      | Reached skill level 1 in Poison Magic
  2126 | D:2      | Found a burning altar of Makhleb.
  2129 | D:2      | Noticed an Executioner
  2131 | D:2      | Found a glowing silver altar of Zin.
  2132 | D:2      | Noticed an angel
  2587 | D:3      | Reached XP level 5. HP: 43/44 MP: 9/9
  3644 | D:4      | Reached XP level 6. HP: 21/51 MP: 0/10
  3669 | D:5      | Entered Level 5 of the Dungeon
  4185 | D:5      | Noticed an ice beast
  4227 | D:5      | Killed an ice beast
  4243 | D:5      | Reached XP level 7. HP: 13/57 MP: 0/11
  5047 | D:4      | Gained mutation: You are somewhat resistant to further mutation. [potion of beneficial mutation]
  5070 | D:4      | Found a faded altar of an unknown god.
  5070 | D:4      | Found a faded altar of an unknown god.
  5070 | D:4      | Noticed Menkaure
  5076 | D:4      | Learned a level 3 spell: Conjure Flame
  5604 | D:6      | Found a staircase to the Ecumenical Temple.
  5613 | Temple   | Entered the Ecumenical Temple
  5665 | Temple   | Became a worshipper of Cheibriados the Contemplative
  5740 | D:6      | Noticed Prince Ribbit
  5748 | D:6      | Found Jyvom's Antique Weapon Shop.
  5758 | D:6      | Killed Prince Ribbit
  5758 | D:6      | Reached XP level 8. HP: 22/68 MP: 8/12
  6324 | D:6      | Reached * piety under Cheibriados
  6427 | D:6      | Got a warped rapier
  6428 | D:6      | Identified the +6 rapier of Bazut {flame, Int+2} (You found it on level 6 of the Dungeon)
  6473 | D:6      | Reached skill level 1 in Short Blades
  6668 | D:6      | Found a bloodstained altar of Trog.
  6972 | D:7      | Noticed a wraith
  6993 | D:7      | Slain by a wraith

Vault maps used:
D:1:      lemuel_arrival_river_ford, st_stairs_6, minmay_misc_feat_diagonals,
          item_on_display_a
D:2:      grunt_temple_overflow_order_and_chaos_2, uniq_robin
D:3:      serial_glass, glass_columns_a, glass_columns_c, glass_columns_a,
          glass_columns_b, glass_columns_b, glass_columns_b
D:4:      chequers_temple_overflow_minitemple, uniq_menkaure
D:5:      first_bread
D:6:      basic_altar, serial_shops, shop, uniq_prince_ribbit1
D:7:      grunt_ogre_cave, nicolae_ru_path_of_blood
Temple:   kb_temple_of_zot

Skill      XL: |  1  2  3  4  5  6  7  8 |
---------------+-------------------------+-----
Fighting       | 1 2 |  2.4
Conjurations   | 2 3 4 |  4.7
Translocations | 2 |  2.1
Air Magic      | 1 2 3 4 |  4.0
Poison Magic   | 1 3 4 |  4.4
Dodging        | 2 |  2.2
Long Blades    | 3 4 |  4.4
Short Blades   | 4 |  4.1
Stealth        | |  3.0
Spellcasting   | |  3.0
Summonings     | |  1.0

Action                   |  1- 3 |  4- 6 |  7- 9 || total
-------------------------+-------+-------+-------++-------
Melee: Dagger            |    40 |   135 |    46 ||   221
       Spear             |    30 |       |       ||    30
       Falchion          |       |       |    40 ||    40
       Rapier            |       |       |    31 ||    31
Throw: Tomahawk          |       |     1 |     5 ||     6
 Cast: Magic Dart        |    54 |   119 |   102 ||   275
       Repel Missiles    |     3 |     1 |     1 ||     5
       Mephitic Cloud    |       |     3 |     7 ||    10
       Conjure Flame     |       |       |     1 ||     1
 Abil: Spit Poison       |     5 |    12 |    10 ||    27
  Use: Scroll            |     3 |     8 |     6 ||    17
       Potion            |       |     6 |     2 ||     8
 Stab: Sleeping          |       |     3 |     1 ||     4
       Distracted        |       |     1 |       ||     1
       Invisible         |       |     2 |       ||     2
  Eat: Chunk             |     1 |     6 |     7 ||    14
       Beef jerky        |       |     1 |       ||     1
       Fruit             |       |       |     2 ||     2
Armor: Robe              |    53 |    68 |    49 ||   170
Dodge: Dodged            |    87 |    82 |    78 ||   247
       Deflected         |     4 |     1 |     2 ||     7
       Rpst.: Falchion   |       |       |     5 ||     5
